 Dungeon Crawl Stone Soup version 0.29.1-1-gd02db6906a (webtiles) character file.

Game seed: 7253127339640300732

8 gzilladon the Chopper (level 2, -1/27 HPs)
             Began as a Hill Orc Monk on Sept 23, 2022.
             Slain by an orc wizard
             ... wielding a +0 dagger
              (2 damage)
             ... on level 3 of the Dungeon.
             The game lasted 00:01:13 (239 turns).

gzilladon the Chopper (Hill Orc Monk)                Turns: 239, Time: 00:01:13

Health: -1/27      AC:  2    Str: 13    XL:     2   Next: 8%
Magic:  2/2        EV: 12    Int: 10    God:
Gold:   29         SH:  0    Dex: 13    Spells: 1/1 levels left

rFire   . . .      SeeInvis .   a - +0 hand axe
rCold   . . .      Faith    .   (no shield)
rNeg    . . .      Spirit   .   b - +0 robe
rPois   .          Reflect  .   (no helmet)
rElec   .          Harm     .   (no cloak)
rCorr   .          Rampage  .   (no gloves)
Will    .....                   (no boots)
Stlth   ++........              (no amulet)
HPRegen 0.09/turn               (no ring)
MPRegen 0.08/turn               (no ring)

@: no status effects
A: no striking features
a: no special abilities


You were on level 3 of the Dungeon.
You visited 1 branch of the dungeon, and saw 3 of its levels.

You collected 29 gold pieces.

Inventory:

Hand Weapons
 a - a +0 hand axe (weapon)
Missiles
 f - a throwing net (quivered)
Armour
 b - a +0 robe (worn)
Scrolls
 d - a scroll of amnesia {unknown}
 e - a scroll of magic mapping {unknown}
 g - a scroll of identify {unknown}
Potions
 c - a potion of ambrosia


   Skills:
 + Level 3.8 Fighting
 + Level 4.3 Axes
 + Level 2.5 Dodging
 - Level 1.5 Stealth


You had one spell level left.
You didn't know any spells.
Your spell library was empty.

Dungeon Overview and Level Annotations

Branches:
Dungeon (3/15)

Altars:
Okawaru

Shops:
D:1 [


Message History

An orc wizard comes into view. It is wielding a +0 dagger.
You hit the orc but do no damage. The orc hits you with a +0 club.
You barely miss the orc. x2
You barely miss the orc. You hit the orc but do no damage.
The orc completely misses you.
You slash the orc!
You kill the orc!
You hit the orc. The orc hits you with a +0 club.
The orc wizard casts a spell.
The orc wizard flickers and vanishes!
Deactivating autopickup; reactivate with Ctrl-A.
You have reached level 2!
You barely miss the orc.
The orc is heavily wounded.
The orc hits you with a +0 club.
You hit the orc but do no damage.
The orc is heavily wounded.
You see here a +0 short sword.
Something hits you.
You hear some strange, mumbled words.
You are confused.
You hear some strange, mumbled words.
Something tries to affect you, but you resist.
You bump into the rock wall.
Something barely misses you.
You bump into the rock wall.
You bump into the rock wall.
Something hits you.
You bump into the rock wall.
Something hits you.
* * * LOW HITPOINT WARNING * * *
The orc hits you with a +0 club.
* * * LOW HITPOINT WARNING * * *
You hit the orc but do no damage.
The orc is heavily wounded.
You closely miss something.
You feel less confused. The orc closely misses you.
Something hits you but does no damage. The orc attacks as you move away!
The orc hits you with a +0 club.
* * * LOW HITPOINT WARNING * * *
Found a scroll labelled QYOSTE ZAFEJITS.
Something hits you.
You die...

# #+# #.# #.#
### #.#
##.###.#
###...##.####
...........#
##...##.##.#
###.###.# #
#.@.o.).#
#.#.#####
#.#.# #.#.#
#.#.. #?###
#. #.


You could see an orc.

Vanquished Creatures
  An orc (D:3)
  A hobgoblin (D:3)
  A kobold (D:1)
  2 ball pythons (D:2)
  A bat (D:1)
  A rat (D:3)
7 creatures vanquished.

Vanquished Creatures (others)
  2 plants (D:1)
2 creatures vanquished.

Grand Total: 9 creatures vanquished

Notes
Turn   | Place    | Note
-------+----------+-------------------------------------------
     0 | D:1      | gzilladon the Hill Orc Monk began the quest for the Orb.
     0 | D:1      | Reached XP level 1. HP: 19/19 MP: 1/1
    39 | D:1      | Found Mib Yqipn's Antique Armour Emporium.
   158 | D:3      | Found an iron altar of Okawaru.
   217 | D:3      | Noticed an orc wizard
   226 | D:3      | Reached XP level 2. HP: 18/27 MP: 2/2
   239 | D:3      | HP: 1/27 [orc/+0 club (2)]
   239 | D:3      | Slain by an orc wizard

Illustrated notes

Levels and vault maps discovered:
D:1:      denvon_arrival_planthouse, layout_loops_cross, serial_shops,
          nicolae_shop_stone, shapermc_ecumenical_altar_pompeii
D:2:      minmay_chambers_of_ones, layout_basic, serial_shops,
          nicolae_lakefront_shop, minivault_26, uniq_sigmund
D:3:      layout_loops_corners, overflow_temple_1_default

Action                   || total
-------------------------++-------
Melee: Hand axe          ||    22
Armor: Robe              ||     3
Dodge: Dodged            ||    15
